 Dungeon Crawl Stone Soup version 0.31-a0-180-g519b7de00c (webtiles) character file.

Game seed: 10578256627112192197

191 qw the Shooter (level 5, -6/49 HPs)
             Began as a Naga Hunter on June 19, 2023.
             Mangled by Pikel
             ... wielding a +0 whip of freezing
              (7 damage)
             ... on level 4 of the Dungeon.
             The game lasted 00:00:53 (2435 turns).

qw the Shooter (Naga Hunter)                        Turns: 2435, Time: 00:00:53

Health: -6/49      AC:  4    Str: 13    XL:     5   Next: 70%
Magic:  5/5        EV: 14    Int:  9    God:
Gold:   196        SH:  0    Dex: 17    Spells: 4/4 levels left

rFire   . . .        Y - +2 shortbow
rCold   . . .        (shield currently unavailable)
rNeg    . . .        c - +0 leather armour
rPois   +            (no helmet)
rElec   .            (no cloak)
rCorr   .            i - +0 pair of gloves
SInv    +            (no barding)
Will    .....        (no amulet)
Stlth   ++           e - +5 ring of evasion
HPRegen 0.28/turn    (no ring)
MPRegen 0.09/turn

%: no passive effects
@: about to teleport, short of breath, very slow
A: AC +1, large, see invisible, deformed body, poison resistance, slowness 2,
spit poison 1, naga tail 1
a: Spit Poison


You were on level 4 of the Dungeon.
You visited 1 branch of the dungeon, and saw 4 of its levels.

You collected 196 gold pieces.


Innate Abilities, Weirdness & Mutations

Your serpentine skin is tough. (AC +1)
You have supernaturally acute eyesight. (SInv)
Armour fits poorly on your strangely shaped body.
Your system is resistant to poisons. (rPois)
You cover ground very slowly.
You can spit poison.
You have a snake-like lower body.


   Skills:
 - Level 3.0 Fighting
 + Level 5.8 Ranged Weapons
 - Level 1.5 Dodging
 - Level 1.5 Stealth


You had 4 spell levels left.
You didn't know any spells.
Your spell library was empty.

Inventory:

Hand Weapons
 Y - a +2 shortbow (weapon)
Armour
 c - a +0 leather armour (worn)
 i - a +0 pair of gloves (worn)
Jewellery
 e - a +5 ring of evasion (left hand)
Scrolls
 a - a scroll of amnesia {unknown}
 f - a scroll of identify
Potions
 b - a potion of lignification {unknown}
 d - a potion of heal wounds {unknown}
 g - a potion of haste {unknown}
 h - a potion of attraction {unknown}
 j - a potion of degeneration {unknown}
 l - a potion of curing {unknown}

Dungeon Overview and Level Annotations

Branches:
Dungeon (4/15)
 Temple: D:4-7

Altars:
Gozag
Zin

Annotations:
D:4 Pikel


Message History

Pikel freezes you.
You shoot an arrow. The arrow barely misses Pikel.
The arrow hits the lemure!
The lemure is heavily wounded.
The orc misses you.
Pikel hits you with a +0 whip of freezing!
Pikel freezes you.
You shoot an arrow. The arrow closely misses Pikel.
The arrow closely misses the lemure.
The orc barely misses you. Pikel barely misses you.
You shoot an arrow.
The arrow hits Pikel but does no damage.
Pikel is moderately wounded.
The orc closely misses you.
Pikel hits you with a +0 whip of freezing.
Pikel freezes you.
You shoot an arrow. The arrow closely misses Pikel.
The arrow closely misses the lemure.
You have got your breath back.
Pikel hits you with a +0 whip of freezing.
Pikel freezes you. The orc misses you. Pikel completely misses you.
The orc closely misses you.
2433 ||| INVOKING Spit Poison.
Aiming: Spit Poison (1% risk of failure)
Press: ? - help, Shift-Dir - straight line, f/p - Pikel The splash of poison hits Pikel.
Pikel is moderately wounded.
The orc barely misses you.
Pikel hits you with a +0 whip of freezing!
Pikel freezes you.
2434 ||| READING scroll of teleportation.
As you read the scroll of teleportation, it crumbles to dust.
You feel strangely unstable. The orc closely misses you.
Pikel hits you with a +0 whip of freezing!
Pikel freezes you.
You shoot an arrow. The arrow barely misses Pikel.
The arrow hits the lemure.
The lemure is severely wounded.
Pikel looks more healthy.
The orc barely misses you.
Pikel hits you with a +0 whip of freezing!
You die...

.. .. . # .##
#.##. 5.
...###5#
...55 #oK#
#.@#
#..######
#.......##
#).#.###.##
#...## ##.##
#..## ##.#
#..# #.#
########).##
##.#
#.......)#.##
##.##


You could see Pikel, 4 lemures and an orc.

Vanquished Creatures
  An orc priest (D:4)
  Ijyb (D:3)
  An iguana (D:4)
  3 gnolls (D:4)
  2 adders (D:2)
  2 worms
  3 dart slugs
  6 ball pythons
  3 bats (D:2)
  3 endoplasms
  A giant cockroach (D:2)
  3 goblins
  6 hobgoblins
  4 quokkas
  2 frilled lizards
  6 kobolds
  9 rats
56 creatures vanquished.

Notes
Turn   | Place    | Note
-------+----------+-------------------------------------------
     0 | D:1      | qw the Naga Hunter began the quest for the Orb.
     0 | D:1      | Reached XP level 1. HP: 19/19 MP: 1/1
     0 | D:1      | 0 ||| qw: Version: 0.3-a-7-ge0c9b40
     0 | D:1      | 0 ||| qw: Game counter: 1076
     0 | D:1      | 0 ||| qw: Always use a shield: true
     0 | D:1      | 0 ||| qw: God list: Okawaru
     0 | D:1      | 0 ||| qw: Allow faded altars: false
     0 | D:1      | 0 ||| qw: Do Orc after D:15 true
     0 | D:1      | 0 ||| qw: Do second Lair branch before Depths: true
     0 | D:1      | 0 ||| qw: Lair rune preference: random
     0 | D:1      | 0 ||| qw: Plans: Normal
     0 | D:1      | 0 ||| PLANNING D:1-11
    20 | D:1      | 20 ||| INVOKING Spit Poison.
    39 | D:1      | 39 ||| INVOKING Spit Poison.
    40 | D:1      | 40 ||| INVOKING Spit Poison.
   155 | D:1      | 155 ||| INVOKING Spit Poison.
   251 | D:1      | 251 ||| INVOKING Spit Poison.
   254 | D:1      | 254 ||| INVOKING Spit Poison.
   256 | D:1      | HP: 4/19 [quokka (5)]
   257 | D:1      | 257 ||| INVOKING Spit Poison.
   335 | D:1      | 335 ||| INVOKING Spit Poison.
   337 | D:1      | Reached skill level 4 in Ranged Weapons
   337 | D:1      | Reached XP level 2. HP: 26/26 MP: 2/2
   353 | D:1      | 353 ||| INVOKING Spit Poison.
   356 | D:1      | 356 ||| INVOKING Spit Poison.
   369 | D:1      | 369 ||| INVOKING Spit Poison.
   370 | D:1      | 370 ||| INVOKING Spit Poison.
   382 | D:1      | 382 ||| INVOKING Spit Poison.
   386 | D:1      | 386 ||| INVOKING Spit Poison.
   391 | D:1      | 391 ||| INVOKING Spit Poison.
   475 | D:1      | 475 ||| INVOKING Spit Poison.
   535 | D:1      | 535 ||| INVOKING Spit Poison.
   790 | D:1      | 790 ||| INVOKING Spit Poison.
   823 | D:1      | 823 ||| UPGRADING to +5 ring of evasion.
   824 | D:1      | 824 ||| READING scroll labelled QUL MECEDWIARI.
   825 | D:1      | 825 ||| READING scroll labelled LEMPUH BAWASOU.
   830 | D:1      | 830 ||| DROPPING scroll of butterflies.
   860 | D:2      | 860 ||| INVOKING Spit Poison.
   865 | D:2      | 865 ||| INVOKING Spit Poison.
   868 | D:2      | 868 ||| INVOKING Spit Poison.
   869 | D:2      | Reached XP level 3. HP: 32/32 MP: 3/3
   907 | D:2      | 907 ||| INVOKING Spit Poison.
   963 | D:2      | 963 ||| INVOKING Spit Poison.
   969 | D:2      | 969 ||| INVOKING Spit Poison.
   973 | D:2      | 973 ||| INVOKING Spit Poison.
  1057 | D:2      | 1057 ||| INVOKING Spit Poison.
  1102 | D:2      | 1102 ||| INVOKING Spit Poison.
  1108 | D:2      | 1108 ||| INVOKING Spit Poison.
  1241 | D:2      | 1241 ||| INVOKING Spit Poison.
  1252 | D:2      | 1252 ||| INVOKING Spit Poison.
  1413 | D:2      | 1413 ||| INVOKING Spit Poison.
  1414 | D:2      | Reached skill level 5 in Ranged Weapons
  1414 | D:2      | Reached XP level 4. HP: 39/39 MP: 4/4
  1461 | D:2      | 1461 ||| UPGRADING to +0 pair of gloves.
  1466 | D:2      | 1466 ||| READING scroll labelled TUHOSO IZIV.
  1467 | D:2      | 1467 ||| READING scroll labelled SOIWKACZEYW.
  1468 | D:2      | 1468 ||| READING scroll labelled BOALACU FEBACK.
  1502 | D:3      | 1502 ||| PLANNING SEWER
  1515 | D:3      | 1515 ||| READING scroll of enchant weapon.
  1515 | D:3      | 1515 ||| ENCHANTING +1 shortbow.
  1534 | D:3      | 1534 ||| INVOKING Spit Poison.
  1537 | D:3      | 1537 ||| INVOKING Spit Poison.
  1542 | D:3      | 1542 ||| INVOKING Spit Poison.
  1558 | D:3      | 1558 ||| INVOKING Spit Poison.
  1561 | D:3      | 1561 ||| INVOKING Spit Poison.
  1586 | D:3      | Noticed Ijyb
  1588 | D:3      | 1588 ||| INVOKING Spit Poison.
  1594 | D:3      | 1594 ||| INVOKING Spit Poison.
  1598 | D:3      | Killed Ijyb
  1805 | D:3      | 1805 ||| INVOKING Spit Poison.
  1822 | D:3      | Found a faded altar of an unknown god.
  1852 | D:3      | 1852 ||| INVOKING Spit Poison.
  1886 | D:3      | 1886 ||| INVOKING Spit Poison.
  1941 | D:3      | Found a glowing silver altar of Zin.
  1941 | D:3      | Found an opulent altar of Gozag.
  1991 | D:3      | 1991 ||| RIP SEWER
  2002 | D:3      | 2002 ||| PLANNING D:1-11
  2108 | D:3      | 2108 ||| INVOKING Spit Poison.
  2127 | D:3      | 2127 ||| INVOKING Spit Poison.
  2130 | D:3      | Reached skill level 3 in Fighting
  2133 | D:3      | 2133 ||| INVOKING Spit Poison.
  2143 | D:3      | 2143 ||| READING scroll labelled JAOWASAUPE.
  2176 | D:4      | 2176 ||| INVOKING Spit Poison.
  2187 | D:4      | 2187 ||| INVOKING Spit Poison.
  2191 | D:4      | 2191 ||| INVOKING Spit Poison.
  2192 | D:4      | Reached XP level 5. HP: 49/49 MP: 5/5
  2258 | D:4      | 2258 ||| INVOKING Spit Poison.
  2384 | D:4      | 2384 ||| INVOKING Spit Poison.
  2389 | D:4      | 2389 ||| INVOKING Spit Poison.
  2396 | D:4      | 2396 ||| INVOKING Spit Poison.
  2415 | D:4      | Noticed a lemure
  2420 | D:4      | Noticed Pikel
  2420 | D:4      | Noticed a lemure
  2421 | D:4      | 2421 ||| INVOKING Spit Poison.
  2421 | D:4      | Noticed a lemure
  2425 | D:4      | Noticed a lemure
  2428 | D:4      | 2428 ||| INVOKING Spit Poison.
  2433 | D:4      | 2433 ||| INVOKING Spit Poison.
  2433 | D:4      | HP: 12/49 [Pikel/+0 whip of freezing (2)]
  2434 | D:4      | 2434 ||| READING scroll of teleportation.
  2434 | D:4      | HP: 4/49 [Pikel/+0 whip of freezing (8)]
  2434 | D:4      | HP: 1/49 [Pikel/+0 whip of freezing (3)]
  2435 | D:4      | Mangled by Pikel

Levels and vault maps discovered:
D:1:      saegor_arrival_miasma, layout_basic, chequers_mini_garden,
          hangedman_decor_clover_reticule, serial_bayou_pond_a,
          hangedman_feature_mirror
D:2:      layout_loops_ring, chequers_jeans, nicolae_elevator_lobby_asterisk
D:3:      layout_rooms, grunt_temple_overflow_gold_and_silver,
          shapermc_ecumenical_altar_pompeii, portal_sewer_entry_b,
          bh_walls_and_bars, uniq_ijyb
D:4:      layout_loops_ring, grunt_decor_mini_mirrors, uniq_pikel

Skill      XL: |  1  2  3  4 |
---------------+-------------+-----
Ranged Weapons | 4 5 |  5.8
Fighting       | 3 |  3.0
Dodging        | |  1.5
Stealth        | |  1.5

Action                     |  1- 3 |  4- 6 || total
---------------------------+-------+-------++-------
  Melee: Unarmed           |       |     4 ||     4
   Fire: Shortbow          |    70 |    56 ||   126
Ability: Spit Poison       |    29 |    23 ||    52
    Use: Scroll            |     2 |     6 ||     8
 Armour: Leather armour    |    12 |     1 ||    13
         Skin              |       |     1 ||     1
  Dodge: Dodged            |    26 |    29 ||    55

Table legend:
 A = Non-vault XP
 B = Vault XP
 C = Vault XP percentage of total XP
 D = Non-vault monster count
 E = Vault monster count
 F = Vault count percentage of total count
                 A         B        C        D         E       F
            +---------+---------+-------+---------+---------+-------
      Total |     231 |      42 |  15.4 |      50 |       6 |  10.7
            +---------+---------+-------+---------+---------+-------
        D:1 |      30 |       0 |   0.0 |      16 |       0 |   0.0
        D:2 |      54 |       0 |   0.0 |      15 |       0 |   0.0
        D:3 |      20 |      42 |  67.7 |      11 |       6 |  35.3
        D:4 |     127 |       0 |   0.0 |       8 |       0 |   0.0
            +---------+---------+-------+---------+---------+-------
